 Dungeon Crawl Stone Soup version 0.18-a0-1718-g40ea4b6 (webtiles) character file.

1155 MakerOfMistakes the Cleaver (level 8, -1/52 HPs)
             Began as a Demonspawn Wanderer on Apr 8, 2016.
             Was an Initiate of Okawaru.
             Slain by an orc
             ... wielding a +0 short sword
              (3 damage)
             ... on level 6 of the Dungeon.
             The game lasted 00:20:01 (7345 turns).

MakerOfMistakes the Cleaver (Demonspawn Wanderer)   Turns: 7345, Time: 00:20:01

Health: -1/52      AC:  4    Str: 13    XL:     8   Next: 16%
Magic:  1/15       EV: 11    Int: 16    God:    Okawaru [......]
Gold:   353        SH:  0    Dex: 12    Spells: 2 memorised, 13 levels left

rFire  + . .     SeeInvis .     o - +0 hand axe
rCold  . . .     Gourm    .     d - +0 robe
rNeg   . . .     Faith    .     (no shield)
rPois  .         Spirit   .     (no helmet)
rElec  .         Dismiss  .     w - +0 cloak
rCorr  .         Reflect  .     (no gloves)
SustAt .         Harm     .     (no boots)
MR     .....                    (no amulet)
Stlth  +++.......               (no ring)
                                x - ring of stealth

@: very slightly contaminated, not resistant to hostile enchantments, fairly
stealthy
A: talons 1, icy blue scales 1, fire resistance 1, powered by pain 1, flame
cloud immunity
a: Renounce Religion


You were on level 6 of the Dungeon.
You worshipped Okawaru.
Okawaru was noncommittal.
You were not hungry.

You visited 2 branches of the dungeon, and saw 7 of its levels.

You collected 353 gold pieces.

Inventory:

Hand Weapons
 e - a +0 dagger
 o - a +0 hand axe (weapon)
 q - a +0 short sword
Armour
 d - a +0 robe (worn)
 k - a +1 buckler
 v - a +0 plate armour
 w - a +0 cloak (worn)
Jewellery
 x - a ring of stealth (left hand)
Scrolls
 c - 2 scrolls of blinking
 g - 2 scrolls of magic mapping
 h - 3 scrolls of enchant armour
 i - a scroll of identify
 j - 4 scrolls of remove curse
 l - 2 scrolls of enchant weapon {unknown}
 m - 2 scrolls of teleportation {unknown}
 s - 2 scrolls of noise {unknown}
 t - a scroll of amnesia {unknown}
 y - a scroll of fog {unknown}
Potions
 n - a potion of curing
 A - a potion of degeneration {unknown}
 B - a potion of heal wounds
Books
 a - a book of Minor Magic

   Spells                             Type                      Level
   a - Magic Dart                     Conjuration                  1
   b - Blink                          Translocation                2
   c - Call Imp                       Summoning                    2
   d - Repel Missiles                 Charms/Air                   2
   e - Slow                           Hexes                        2
   f - Conjure Flame                  Conjuration/Fire             3
   g - Mephitic Cloud                 Conjuration/Poison/Air       3
 b - Sif Muna's Catalogue of Combat Magic

   Spells                             Type                      Level
   a - Sting                          Conjuration/Poison           1
   b - Stone Arrow                    Conjuration/Earth            3
 u - a book of Callings

   Spells                             Type                      Level
   a - Summon Small Mammal            Summoning                    1
   b - Call Imp                       Summoning                    2
   c - Call Canine Familiar           Summoning                    3
   d - Summon Guardian Golem          Hexes/Summoning              3
   e - Summon Lightning Spire         Summoning/Air                4
   f - Summon Ice Beast               Ice/Summoning                4
Comestibles
 f - a bread ration
 p - 3 fruits
 r - a beef jerky
 z - a royal jelly


   Skills:
 + Level 8.6 Axes
 - Level 1.0 Throwing
 - Level 1.0 Stealth
 - Level 5.0 Spellcasting
 - Level 1.6 Conjurations
   Level 2.6 Charms


You had 13 spell levels left.
You knew the following spells:

 Your Spells              Type           Power        Failure   Level  Hunger
a - Magic Dart            Conj           #...         10%         1    None
c - Mephitic Cloud        Conj/Pois/Air  #.......     38%         3    ###....


Dungeon Overview and Level Annotations

Branches:
Dungeon (6/15)             Temple (1/1) D:5

Altars:
Ashenzari
Dithmenos
Elyvilon
Fedhas
Gozag
Kikubaaqudgha
Makhleb
Nemelex Xobeh
Okawaru
Pakellas
Qazlal
Sif Muna
Trog
Vehumet
Xom
Yredelemnul
Zin
The Shining One

Annotations:
D:5 Edmund, Pikel


Innate Abilities, Weirdness & Mutations

You have sharp toenails.
You are partially covered in icy blue scales (AC +1).
Your flesh is heat resistant.
You sometimes gain a little power by taking damage.
You are immune to clouds of flame.


Message History

The orc wizard is almost dead.
The orc hits you but does no damage.
Press: ? - help, v - describe, . - travel, g - get item
Here: an orc, wielding a short sword (almost dead)
A flail.
There is something else lying underneath.
The floor.
Unknown command.
You closely miss the orc.
The orc is almost dead.
The orc hits you with a short sword.
* * * LOW HITPOINT WARNING * * *
You closely miss the orc.
The orc is almost dead.
The orc hits you with a short sword.
* * * LOW HITPOINT WARNING * * *
You closely miss the orc.
The orc is almost dead.
The orc hits you with a short sword.
You die...

#.....#
###### #
#.....# #
##....# #
#....# #
#....# #
#....#
######
####.#
#..... #.#
#..... #@#
#.....
#.oo....#
#.....
#.......#
######
#.......#
........#
##.......#
#.......#
#.......#


You could see an orc wizard (confused) and an orc.

Vanquished Creatures
  An ogre (D:4)
  4 big kobolds (D:3)
  The ghost of Vojta the Conjurer, an amateur HECj (D:3)
  A scorpion (D:6)
  A howler monkey (D:4)
  A jelly (D:5)
  2 orc priests (D:3)
  2 giant frog skeletons
  A centaur skeleton (D:5)
  2 hounds (D:4)
  An orc wizard (D:6)
  Crazy Yiuf (D:5)
  2 worker ants
  A hound skeleton (D:4)
  A worker ant zombie (D:6)
  6 gnolls
  9 adders
  2 oozes (D:3)
  An adder skeleton (D:4)
  A dart slug (D:4)
  5 giant geckos
  6 orcs
  5 giant cockroaches
  10 goblins
  14 hobgoblins
  7 jackals
  50 kobolds
  2 quokkas
  3 bats
  2 giant newts
  A quokka skeleton (D:5)
  3 rats
149 creatures vanquished.

Notes
Turn   | Place    | Note
--------------------------------------------------------------
     0 | D:1      | MakerOfMistakes the Demonspawn Wanderer began the quest for the Orb.
     0 | D:1      | MakerOfMistakes set off with: a book of Minor Magic, Sif Muna's Catalogue of Combat Magic, a potion of lignification, a +0 robe, a +0 dagger, a bread ration
     0 | D:1      | Reached XP level 1. HP: 13/13 MP: 6/6
     0 | D:1      | Identified Sif Muna's Catalogue of Combat Magic
     2 | D:1      | Learned a level 1 spell: Magic Dart
   188 | D:1      | Reached skill level 1 in Conjurations
   424 | D:1      | Gained mutation: Your flesh is heat resistant. [demonic ancestry]
   424 | D:1      | Reached XP level 2. HP: 19/19 MP: 5/8
   577 | D:2      | Reached skill level 1 in Axes
   959 | D:2      | Found an oddly glowing altar of Pakellas.
   989 | D:2      | Gained mutation: You are partially covered in icy blue scales (AC +1). [demonic ancestry]
   989 | D:2      | Reached XP level 3. HP: 21/24 MP: 5/9
  1107 | D:2      | Reached skill level 2 in Axes
  1511 | D:2      | Gained mutation: You sometimes gain a little power by taking damage. [demonic ancestry]
  1511 | D:2      | Reached XP level 4. HP: 19/30 MP: 3/11
  1781 | D:2      | Reached skill level 3 in Axes
  2448 | D:4      | Learned a level 3 spell: Mephitic Cloud
  2638 | D:4      | Reached skill level 4 in Axes
  2638 | D:4      | Reached XP level 5. HP: 17/35 MP: 1/12
  3168 | D:4      | Reached skill level 5 in Axes
  3168 | D:4      | Gained mutation: You have sharp toenails. [demonic ancestry]
  3168 | D:4      | Reached XP level 6. HP: 23/41 MP: 10/13
  3419 | D:4      | Found a white marble altar of Elyvilon.
  3809 | D:5      | Entered Level 5 of the Dungeon
  3809 | D:5      | Noticed Pikel
  3809 | D:5      | Noticed a slave
  3809 | D:5      | Noticed a slave
  3811 | D:5      | Noticed a slave
  3811 | D:5      | Noticed a slave
  3839 | D:5      | Noticed Edmund
  3839 | D:5      | Noticed a sky beast
  3930 | D:5      | Found a staircase to the Ecumenical Temple.
  3938 | Temple   | Entered the Ecumenical Temple
  4527 | D:3      | Reached skill level 6 in Axes
  4698 | D:3      | Gained mutation: You are immune to clouds of flame. [demonic ancestry]
  4698 | D:3      | Reached XP level 7. HP: 44/46 MP: 12/14
  4735 | D:3      | Noticed Vojta's ghost (amateur HECj)
  4794 | D:3      | Killed Vojta's ghost
  4794 | D:3      | Reached skill level 7 in Axes
  6055 | D:5      | Reached skill level 8 in Axes
  6178 | D:5      | Found a bloodstained altar of Trog.
  6212 | D:5      | Noticed Crazy Yiuf
  6220 | D:5      | Killed Crazy Yiuf
  6566 | D:5      | Reached XP level 8. HP: 4/52 MP: 4/15
  7127 | D:6      | Found a blossoming altar of Fedhas.
  7128 | D:6      | Found an iron altar of Okawaru.
  7128 | D:6      | Found a shattered altar of Ashenzari.
  7130 | D:6      | Found an ancient bone altar of Kikubaaqudgha.
  7136 | D:6      | Became a worshipper of Warmaster Okawaru
  7344 | D:6      | HP: 2/52 [orc/short sword (4)]
  7345 | D:6      | Slain by an orc

Vault maps used:
D:1:      dpeg_arrival_shelter, minmay_surrounded
D:2:      lemuel_statue_altar
D:3:      minmay_goblin_kobold_castle, hangedman_decor_riveting
D:4:      lemuel_round_altar, first_bread, hangedman_feature_mirror
D:5:      old_standard_altar, temple_fountains, lightli_sewer_entry_pipes,
          uniq_pikel, uniq_edmund, uniq_crazy_yiuf_cottage
D:6:      minitemple
Temple:   chambers_temple_12

Skill      XL: |  1  2  3  4  5  6  7 |
---------------+----------------------+-----
Conjurations   | 1 |  1.6
Axes           | 1 2 4 5 6 8 |  8.6
Throwing       | |  1.0
Stealth        | |  1.0
Spellcasting   | |  5.0
Charms         | |  2.6

Action                   |  1- 3 |  4- 6 |  7- 9 || total
-------------------------+-------+-------+-------++-------
Melee: Dagger            |     5 |       |       ||     5
       Short sword       |     8 |    10 |       ||    18
       Hand axe          |       |   168 |   296 ||   464
       Unarmed           |       |       |     4 ||     4
 Cast: Magic Dart        |    90 |    66 |    14 ||   170
       Mephitic Cloud    |       |    12 |     9 ||    21
  Use: Scroll            |       |     5 |       ||     5
       Potion            |       |     1 |     7 ||     8
 Stab: Confused          |       |    18 |     8 ||    26
       Sleeping          |       |       |     6 ||     6
  Eat: Chunk             |     2 |     6 |     7 ||    15
       Bread ration      |       |     1 |     1 ||     2
